Map: Goldenaura LE

Players

SubN

  • Race: Zerg Zerg
  • League: Diamond
  • Spawn Location: 5:00

Travis - Winner!

  • Race: Protoss Protoss
  • League: Diamond
  • Spawn Location: 12:00

VOD

Have the link to the VOD?

Description

Time

  • Played on: Nov. 18, 2023, 5:20 p.m.
  • Length: 8:18
Show
View Real Time Build Order
Export as new Build Order

SubN Zerg 

Build Orders: Hatch First 

Get SALT Encoding   

  12  0:00  Drone  
  13  0:12  Overlord  
  13  0:18  Drone  
  14  0:30  Drone x2  
  16  0:51  Hatchery  
  15  1:00  Drone x2  
  15  1:02  Drone  
  18  1:08  Extractor  
  17  1:22  Spawning Pool  
  16  1:29  Drone  
  16  1:30  Drone  
  18  1:43  Drone  
  18  1:45  Drone  
  20  1:55  Overlord  
  20  2:08  Queen  
  20  2:10  Queen  
  24  2:16  Metabolic Boost  
  24  2:20  Drone  
  25  2:23  Drone  
  25  2:29  Zergling x4  
  28  2:33  Drone  
  28  2:35  Drone  
  30  2:54  Hatchery  
  29  3:00  Queen  
  31  3:15  Drone x5  
  31  3:19  Overlord  
  36  3:27  Lair  
  36  3:36  Overlord  
  36  3:39  Drone x3  
  39  3:42  Overlord  
  39  3:55  Drone x5  
  44  4:01  Zergling x2  
  44  4:02  Zergling x2  
  46  4:12  Spore Crawler  
  46  4:13  Spore Crawler  
  46  4:15  Spore Crawler x2  
  42  4:25  Spore Crawler  
  42  4:26  Drone x4  
  42  4:27  Drone  
  42  4:31  Spore Crawler x2  
  44  4:39  Hydralisk Den  
  44  4:41  Drone x2, Infestation Pit  
  44  4:43  Drone  
  44  4:44  Drone  
  46  4:48  Overlord  
  46  4:52  Extractor  
  46  4:54  Extractor, Pneumatized Carapace  
  44  5:00  Queen  
  44  5:05  Drone x3  
  49  5:14  Drone x3  
  49  5:15  Drone x2  
  54  5:23  Drone x4, Extractor  
  54  5:24  Drone  
  54  5:26  Drone  
  59  5:37  Overlord  
  59  5:44  Overlord  
  59  5:52  Hive  
  60  5:57  Drone  
  60  5:58  Grooved Spines  
  60  6:03  Drone x3  
  63  6:05  Drone x3  
  63  6:06  Lurker Den  
  63  6:08  Drone x2  
  63  6:09  Evolution Chamber  
  66  6:12  Drone x4, Evolution Chamber  
  69  6:30  Spore Crawler  
  68  6:39  Overlord x4  
  68  6:40  Overlord x2  
  67  6:52  Muscular Augments  
  67  6:57  Hydralisk x9  
  85  7:01  Zergling x2  
  85  7:02  Zergling x6  
  89  7:11  Hydralisk x2  
  89  7:13  Zergling x2  
  89  7:14  Zergling x8  
  89  7:15  Zergling x2  
  99  7:26  Hydralisk  
  99  7:27  Hydralisk x3  
  105  7:39  Zergling x4  
  105  7:40  Overlord  
  105  7:41  Overlord  
Show
View Real Time Build Order
Export as new Build Order

Travis Protoss - Winner!

Build Orders: 1 Gate Expand, Double Forge, Colossus Rush 

Get SALT Encoding   

  12  0:00  Probe  
  13  0:12  Probe  
  14  0:20  Pylon  
  14  0:24  Probe  
  15  0:38  Probe  
  15  0:42  Gateway  
  16  0:52  Probe (Chrono Boost), Assimilator  
  17  1:03  Probe (Chrono Boost)  
  18  1:13  Probe  
  20  1:25  Probe  
  20  1:30  Nexus  
  20  1:37  Probe  
  21  1:45  Pylon  
  21  1:49  Probe  
  22  2:02  Cybernetics Core, Probe (Chrono Boost)  
  22  2:07  Assimilator  
  23  2:14  Probe (Chrono Boost)  
  25  2:22  Probe (Chrono Boost)  
  25  2:28  Probe  
  25  2:32  Gateway  
  26  2:38  Robotics Facility  
  26  2:42  Zealot  
  26  2:43  Warp Gate  
  28  2:55  Probe x2  
  30  3:07  Probe x2  
  30  3:10  Pylon  
  30  3:12  Stalker  
  34  3:19  Probe x2  
  36  3:29  Stalker  
  36  3:31  Probe x2  
  36  3:32  Observer  
  41  3:37  Forge  
  41  3:42  Forge  
  41  3:45  Probe  
  42  3:50  Probe  
  43  3:57  Probe  
  43  4:02  Probe  
  45  4:09  Shield Battery, Probe  
  46  4:14  Probe, Robotics Bay  
  47  4:17  Assimilator  
  47  4:21  Probe  
  47  4:22  Protoss Ground Weapons Level 1 (Chrono Boost)  
  47  4:23  Protoss Ground Armor Level 1 (Chrono Boost), Assimilator  
  48  4:26  Probe  
  49  4:33  Probe  
  49  4:37  Pylon  
  50  4:38  Probe  
  50  4:39  Pylon  
  51  4:46  Pylon  
  51  4:49  Gateway  
  51  4:51  Gateway  
  51  5:00  Sentry  
  51  5:01  Sentry  
  51  5:03  Colossus  
  61  5:18  Pylon  
  61  5:21  Pylon  
  60  5:27  Robotics Facility, Stalker x2  
  60  5:28  Pylon  
  64  5:30  Pylon  
  64  5:39  Extended Thermal Lance (Chrono Boost)  
  64  5:49  Probe x2  
  66  5:53  Colossus (Chrono Boost)  
  66  6:00  Stalker  
  66  6:02  Zealot x3  
  80  6:09  Twilight Council  
  80  6:27  Warp Prism  
  80  6:32  Probe x2  
  84  6:44  Probe x2  
  84  6:45  Nexus  
  84  6:46  Pylon  
  86  6:48  Colossus  
  86  6:53  Stalker  
  94  7:09  Probe x2  
  94  7:12  Stalker  
  104  7:35  Stalker x4  
  108  7:48  Observer  
  87  8:15  Stalker x4  
Tags
 
Add a new tag
Caveats
  • Supply blocks, unpowered buildings, or Contaminate may cause inaccurate times.
  • Supply counts are checked every 10 seconds.